 Dungeon Crawl Stone Soup version 0.28-a0-563-gf77a47075d (webtiles) character file.

Game seed: 13184776487038713909

250 pokedragonboy the Covered (level 6, -1/39 HPs)
             Began as a Gargoyle Fighter on Sept 30, 2021.
             Slain by a gnoll (11 damage)
             ... on level 4 of the Dungeon.
             The game lasted 00:03:47 (3443 turns).

pokedragonboy the Covered (Gargoyle Fighter)        Turns: 3443, Time: 00:03:48

Health: -1/39      AC: 12    Str: 21    XL:     6   Next: 13%
Magic:  6/6        EV:  9    Int:  9    God:
Gold:   72         SH:  4    Dex:  9    Spells: 5/5 levels left

rFire   . . .      SeeInvis .   a - +0 war axe
rCold   . . .      Faith    .   c - +0 buckler
rNeg    + . .      Spirit   .   b - +0 scale mail
rPois   ∞          Reflect  .   (no helmet)
rElec   +          Harm     .   j - +0 cloak
rCorr   .          Rampage  .   (no gloves)
Will    .....                   (no boots)
Stlth   ..........              (no amulet)
HPRegen 0.13/turn               (no ring)
MPRegen 0.10/turn               (no ring)

@: no status effects
A: sickness immunity, AC +4, negative energy resistance 1, electricity
resistance, torment resistance 1, petrification resistance
a: no special abilities


You were on level 4 of the Dungeon.
You visited 1 branch of the dungeon, and saw 4 of its levels.

You collected 72 gold pieces.

Inventory:

Hand Weapons
 a - a +0 war axe (weapon)
Armour
 b - a +0 scale mail (worn)
 c - a +0 buckler (worn)
 j - a +0 cloak (worn)
Scrolls
 f - 2 scrolls of identify
 i - a scroll of fog
 k - a scroll of enchant armour {unknown}
 n - 2 scrolls of noise {unknown}
 o - a scroll of vulnerability {unknown}
 p - a scroll of amnesia {unknown}
 r - a scroll of torment {unknown}
Potions
 d - a potion of might
 e - a potion of lignification {unknown}
 g - a potion of heal wounds
 h - 3 potions of resistance {unknown}
 l - a potion of mutation {unknown}
 m - a potion of curing {unknown}
 q - a potion of flight {unknown}


   Skills:
 + Level 4.4 Fighting
 * Level 3.9 Axes
 + Level 4.4 Armour
 - Level 4.0 Shields


You had 5 spell levels left.
You didn't know any spells.
Your spell library was empty.

Dungeon Overview and Level Annotations

Branches:
Dungeon (4/15)
 Temple: D:4-7

Altars:

Shops:
D:1 =   D:2 ?


Innate Abilities, Weirdness & Mutations

You are immune to sickness and miasma.
Your stone body is resilient. (AC +4)
You are immune to poison.
You resist negative energy. (rN+)
You are resistant to electric shocks. (rElec)
You are resistant to unholy torment.
You are immune to petrification.


Message History

The orc hits you with a +0 flail.
The gnoll sergeant hits you from afar with a +1 trident of venom.
The orc wizard barely misses you.
You hit the orc.
The orc is severely wounded.
You closely miss the orc wizard. The gnoll hits you but does no damage.
The gnoll sergeant hits you from afar with a +1 trident of venom.
The orc hits you but does no damage. The orc wizard completely misses you.
An orc comes into view. It is wielding a +0 short sword.
You feel less confused.
The orc shouts!
The gnoll hits you from afar with a +0 halberd.
The orc wizard hits you with a +0 dagger.
You closely miss the orc wizard.
The orc wizard is heavily wounded.
You hit the orc but do no damage. The orc closely misses you.
The gnoll hits you from afar with a +0 halberd.
The gnoll sergeant closely misses you.
The orc wizard hits you with a +0 dagger.
As you read the scroll labelled TICOFA XYQEHA, it crumbles to dust.
The scroll dissolves into smoke.
It was a scroll of fog.
The orc misses you.
The gnoll hits you from afar with a +0 halberd.
* * * LOW HITPOINT WARNING * * *
The gnoll sergeant hits you but does no damage.
The orc wizard hits you but does no damage.
You feel much better. The orc completely misses you.
The gnoll barely misses you.
The gnoll sergeant hits you from afar with a +1 trident of venom.
You closely miss the orc.
The orc is severely wounded.
You barely miss the orc wizard. You barely miss the orc.
The orc hits you with a +0 flail!
The gnoll hits you from afar with a +0 halberd.
The orc wizard hits you but does no damage.
You block the gnoll sergeant's attack. The orc barely misses you.
The orc hits you with a +0 flail!
* * * LOW HITPOINT WARNING * * *
The orc wizard completely misses you.
The gnoll hits you from afar with a +0 halberd!
You die...

#. ###.........#
#.....
.............##.#....
..............)...[...
≈≈≈≈≈≈≈≈≈≈....†≈≈≈≈≈≈≈
≈≈≈≈≈≈≈≈≈≈....≈≈≈≈≈≈≈≈
≈≈≈≈≈≈≈≈≈≈....≈≈≈≈≈≈≈≈
.........§§§§§......(.
#########§§§§########
#######o@§§#
+.....§§oo§+
#######gggo# ##§§##


goo... .og(..... .g......... ............ #####++###### You could see a gnoll
sergeant, an orc wizard, 2 gnolls and 3 orcs.

Vanquished Creatures
  A black bear (D:3)
  A jelly (D:2)
  2 gnolls (D:4)
  3 adders
  An adder skeleton (D:4)
  2 worms
  A dart slug (D:2)
  5 orcs (D:4)
  3 ball pythons
  4 bats
  5 endoplasms
  2 giant cockroaches
  8 hobgoblins
  6 jackals
  7 kobolds
  A quokka (D:1)
  2 frilled lizards
  4 goblins
  8 rats
66 creatures vanquished.

Notes
Turn   | Place    | Note
-------+----------+-------------------------------------------
     0 | D:1      | pokedragonboy the Gargoyle Fighter began the quest for the
                  | Orb.
     0 | D:1      | Reached XP level 1. HP: 14/14 MP: 1/1
   144 | D:1      | Reached XP level 2. HP: 15/19 MP: 2/2
   280 | D:1      | Found Tausuilo's Jewellery Boutique.
   898 | D:1      | Reached XP level 3. HP: 23/23 MP: 3/3
  2215 | D:2      | Found Odghoucw's Magic Scroll Shoppe.
  2256 | D:2      | Reached XP level 4. HP: 23/29 MP: 4/4
  2770 | D:3      | Found a faded altar of an unknown god.
  2996 | D:3      | Reached XP level 5. HP: 31/33 MP: 5/5
  3009 | D:3      | Noticed a black bear
  3024 | D:3      | Killed a black bear
  3367 | D:4      | Reached XP level 6. HP: 34/39 MP: 6/6
  3443 | D:4      | Slain by a gnoll

Illustrated notes

Levels and vault maps discovered:
D:1:      lightli_arrival_boilingwater, layout_basic, serial_shops,
          shop_fountains
D:2:      layout_basic, serial_shops, shop_scrolls
D:3:      layout_loops_corners, hellmonk_ecumenical_altar_blasted
D:4:      lemuel_castle_with_subvaults [lemuel_castle_interior_original],
          layout_layer_cave, mainiacjoe_overflow_alcove_2,
          minmay_temple_entry_statues_fountains, kennysheep_orc_chapel

Skill      XL: |  1  2  3  4 |
---------------+-------------+-----
Axes           | 2 3 |  3.9
Fighting       | 4 |  4.4
Armour         | 4 |  4.4
Shields        | 4 |  4.0

Action                   |  1- 3 |  4- 6 || total
-------------------------+-------+-------++-------
Melee: War axe           |   139 |    70 ||   209
Throw: Throwing net      |       |     1 ||     1
  Use: Scroll            |     1 |     1 ||     2
       Potion            |       |     2 ||     2
Armor: Scale mail        |   101 |    40 ||   141
Dodge: Dodged            |    66 |    50 ||   116
Block: Buckler           |    25 |    14 ||    39

Table legend: (Time is in decaauts)
 A = Elapsed time spent in this place.
 B = Non-inter-level travel time spent in this place.
 C = Inter-level travel time spent in this place.
 D = Time resting spent in this place.
 E = Time spent auto-exploring this place.
 F = Levels seen in this place.
 G = Mean time per level.
                   A        B        C        D        E       F      G
               +--------+--------+--------+--------+--------+-----+--------+
         Total |   3523 |   3386 |    137 |    162 |   2727 |   4 |  880.8 |
       Dungeon |   3523 |   3386 |    137 |    162 |   2727 |   4 |  880.8 |
               +--------+--------+--------+--------+--------+-----+--------+

Top non-repeatable levels by time:
     D:1: 1396 daAuts
     D:2: 1044 daAuts
     D:3: 926 daAuts
     D:4: 156 daAuts
